Map: [ESL] Hecate

Players

Nanami - Winner!

  • Race: Protoss Protoss
  • Spawn Location: 1:00

Coffee

  • Race: Terran Terran
  • Spawn Location: 7:00

Event: ESL SC2 Masters 2023 Winter (Regional)

VOD

Have the link to the VOD?

Description

Time

  • Played on: Nov. 2, 2023, 8:17 a.m.
  • Length: 9:50

All games in this series

Show
View Real Time Build Order
Export as new Build Order

Nanami Protoss - Winner!

Build Orders: 1 Gate Expand, Blink Stalkers 

Get SALT Encoding   

  12  0:00  Probe  
  13  0:12  Probe  
  14  0:18  Pylon  
  14  0:24  Probe (Chrono Boost)  
  15  0:36  Gateway  
  15  0:38  Probe (Chrono Boost)  
  16  0:43  Probe (Chrono Boost)  
  16  0:46  Assimilator  
  17  0:52  Probe  
  18  1:04  Probe  
  19  1:16  Probe  
  20  1:23  Cybernetics Core  
  20  1:31  Nexus  
  20  1:34  Probe  
  21  1:43  Pylon  
  21  1:46  Probe  
  22  1:51  Assimilator  
  22  1:58  Probe, Adept (Chrono Boost)  
  22  2:01  Warp Gate  
  25  2:10  Probe  
  26  2:22  Probe  
  27  2:24  Twilight Council  
  27  2:28  Stalker (Chrono Boost)  
  27  2:34  Probe  
  30  2:43  Probe (Chrono Boost)  
  30  2:49  Probe (Chrono Boost)  
  31  2:55  Probe (Chrono Boost)  
  31  2:56  Blink (Chrono Boost)  
  32  3:03  Probe x2 (Chrono Boost)  
  34  3:09  Probe  
  34  3:10  Gateway  
  34  3:11  Probe  
  36  3:20  Robotics Facility  
  36  3:21  Probe  
  36  3:23  Probe  
  38  3:33  Probe  
  36  3:35  Probe  
  37  3:45  Nexus  
  37  3:46  Pylon  
  37  3:48  Probe  
  37  3:50  Probe  
  37  3:55  Stalker  
  41  4:00  Probe  
  41  4:02  Probe  
  43  4:04  Stalker  
  43  4:08  Observer (Chrono Boost)  
  46  4:12  Assimilator, Probe  
  46  4:14  Probe  
  48  4:17  Forge  
  48  4:21  Stalker  
  50  4:25  Observer (Chrono Boost), Probe  
  50  4:30  Probe, Pylon  
  53  4:36  Pylon  
  53  4:37  Probe  
  54  4:42  Gateway  
  54  4:48  Observer, Probe  
  54  4:51  Protoss Ground Weapons Level 1 (Chrono Boost), Probe (Chrono Boost)  
  57  4:55  Charge  
  58  5:00  Probe (Chrono Boost)  
  58  5:03  Probe x2 (Chrono Boost)  
  60  5:10  Gateway, Probe (Chrono Boost)  
  60  5:11  Gateway, Probe (Chrono Boost)  
  60  5:13  Probe (Chrono Boost)  
  63  5:15  Observer  
  63  5:16  Probe (Chrono Boost)  
  64  5:22  Gateway  
  64  5:24  Gateway  
  63  5:29  Gateway  
  63  5:30  Sentry x2, Gateway  
  70  5:37  Sentry, Warp Prism (Chrono Boost)  
  70  5:41  Shield Battery  
  70  5:42  Probe  
  72  5:43  Probe x2  
  72  5:49  Shield Battery  
  74  5:50  Pylon  
  74  5:54  Probe  
  74  5:56  Stalker x2  
  79  6:01  Pylon  
  79  6:07  Immortal  
  79  6:09  Stalker  
  85  6:14  Zealot x2  
  85  6:15  Pylon  
  89  6:18  Stalker  
  89  6:21  Pylon  
  91  6:27  Zealot x4  
  99  6:35  Zealot x3  
  99  6:36  Zealot  
  107  6:43  Stalker  
  107  6:46  Pylon  
  109  6:48  Pylon  
  107  6:58  Zealot x4  
  107  6:59  Zealot  
  115  7:03  Pylon  
  115  7:12  Zealot x3  
  115  7:13  Zealot  
  121  7:18  Zealot x3  
  97  7:24  Stalker  
  97  7:27  Stalker  
  71  7:37  Probe (Chrono Boost)  
  71  7:38  Probe (Chrono Boost)  
  70  7:46  Probe (Chrono Boost)  
  70  7:48  Probe x2 (Chrono Boost)  
  72  7:53  Probe (Chrono Boost)  
  72  7:54  Probe (Chrono Boost)  
  72  7:55  Probe (Chrono Boost)  
  72  7:56  Zealot x2  
  72  7:57  Zealot x2  
  83  8:00  Templar Archives  
  83  8:09  Sentry  
  85  8:17  Observer  
  85  8:18  Zealot x7  
  99  8:30  Stalker  
  99  8:33  Zealot  
  95  8:35  Probe x3  
  95  8:40  High Templar x2  
  102  8:48  Zealot x4  
  108  8:51  Archon, Stalker  
  108  8:54  Zealot x2  
  114  9:09  High Templar x2  
  118  9:10  Zealot x2  
  118  9:13  Archon  
  118  9:15  Zealot x2  
  118  9:16  Zealot  
  126  9:22  Zealot x2  
Show
View Real Time Build Order
Export as new Build Order

Coffee Terran 

Build Orders: Cyclone Opening, Reaper Expand 

Get SALT Encoding   

  12  0:00  SCV  
  13  0:12  SCV  
  14  0:16  Supply Depot  
  14  0:24  SCV  
  15  0:38  SCV  
  15  0:39  Barracks  
  15  0:42  Refinery  
  16  0:50  SCV  
  17  1:02  SCV  
  18  1:14  SCV  
  19  1:26  Orbital Command, Reaper  
  20  1:39  Command Center  
  20  1:47  Supply Depot  
  20  1:52  SCV  
  21  1:58  Marine  
  22  2:04  SCV  
  22  2:07  Factory  
  23  2:19  Bunker  
  23  2:20  SCV  
  24  2:24  Barracks Reactor  
  24  2:33  Barracks, SCV  
  25  2:44  Refinery  
  25  2:45  SCV  
  26  2:52  Cyclone  
  26  2:57  SCV  
  29  2:59  Orbital Command  
  29  3:02  Marine x2  
  30  3:09  SCV  
  31  3:20  Marine x2  
  31  3:24  Barracks Tech Lab  
  31  3:25  Factory Tech Lab  
  33  3:28  SCV  
  33  3:34  SCV  
  33  3:39  Marine  
  33  3:40  SCV, Marine  
  37  3:41  Supply Depot  
  37  3:43  Siege Tank  
  37  3:45  Stimpack  
  37  3:46  Marine  
  41  3:48  SCV  
  41  3:52  SCV  
  43  4:00  Marine x2  
  43  4:01  SCV  
  46  4:03  Marine  
  46  4:04  SCV  
  46  4:06  Supply Depot  
  48  4:15  Siege Tank  
  51  4:19  Barracks, SCV x2  
  53  4:25  Engineering Bay  
  53  4:28  Refinery  
  53  4:31  SCV  
  53  4:32  SCV  
  53  4:35  Supply Depot  
  53  4:36  Marine x2  
  53  4:37  Marine  
  58  4:43  SCV  
  58  4:44  SCV  
  60  4:51  Terran Infantry Weapons Level 1  
  59  4:56  SCV x2  
  59  4:58  Marine x2  
  59  4:59  Marine  
  64  5:00  Starport  
  64  5:01  Factory Reactor  
  64  5:07  Barracks Reactor  
  64  5:10  SCV  
  64  5:11  Supply Depot, SCV  
  66  5:15  Supply Depot  
  66  5:20  Marine x3  
  69  5:24  SCV  
  69  5:25  Combat Shield  
  70  5:29  Supply Depot  
  70  5:33  SCV  
  70  5:34  Supply Depot  
  71  5:39  Marine x3  
  74  5:44  Marine x2  
  74  5:45  Siege Tank  
  79  5:52  Medivac x2  
  83  5:57  Supply Depot  
  83  5:58  Supply Depot  
  83  6:02  Marauder  
  85  6:05  Marine  
  85  6:06  Marine x3  
  89  6:14  Supply Depot  
  89  6:17  Siege Tank  
  92  6:23  Marine  
  92  6:24  Marine x4  
  96  6:34  Medivac  
  96  6:35  Medivac  
  100  6:41  Marine  
  100  6:42  Marine x4  
  103  6:59  Marine x2  
  103  7:00  Marine x3  
  105  7:02  SCV  
  105  7:05  SCV  
  77  7:26  Marine  
  54  7:34  Marine x2  
  54  7:35  SCV, Marine  
  54  7:36  Marine  
  52  7:37  Siege Tank  
  52  7:38  Terran Infantry Armor Level 1  
  52  7:41  SCV  
  56  7:48  SCV  
  57  7:53  SCV  
  57  7:55  Marine x4  
  62  8:01  Marine  
  62  8:05  Medivac x2  
  67  8:19  Marine x4  
  65  8:20  Marine  
  63  8:37  Marine x4  
  67  8:44  Marine  
  68  8:54  Siege Tank  
  68  8:55  Marine x3  
  72  9:03  Marine x2  
  72  9:05  SCV x2  
  73  9:23  Marine x2  
  62  9:25  Marine  
Tags
 
Add a new tag
Caveats
  • Supply blocks, unpowered buildings, or Contaminate may cause inaccurate times.
  • Supply counts are checked every 10 seconds.